[Event "Titled Tuesday Blitz February 07 Late 2023"]
[White "Ramirez Allo, Eduardo"]
[Black "Kovalevsky, Stanislav"]
[WhiteFideId "2224178"]
[BlackFideId "13508598"]
[WhiteElo "2274"]
[BlackElo "2237"]
[Result "0-1"]
[Round "09"]
[TimeControl "180+2"]
[Date "2023.02.07"]
[WhiteClock "0:00:03"]
[BlackClock "0:00:04"]

1. d4 e6 2. c4 d5 3. Nc3 Nf6 4. cxd5 exd5 5. Bg5 Be7 6. e3 O-O 7. Qc2 c6 8. Bd3 h6 9. Bh4 Nbd7 10. Nge2 Re8 11. O-O Ne4 12. Bxe7 Qxe7 13. Nxe4 dxe4 14. Bc4 a6 15. h3 Nb6 16. Bb3 Bf5 17. Nc3 Rad8 18. Qe2 Qg5 19. Kh2 Rd6 20. Bc2 Rg6 21. g3 h5 22. a4 h4 23. g4 Nd5 24. Rg1 Nxc3 25. bxc3 Bd7 26. Rab1 Bc8 27. Bb3 Rf6 28. Rg2 Rf3 29. Bd1 Qf6 30. Qd2 Qd6+ 31. Kg1 Rxh3 32. c4 Re6 33. Qb4 Qxb4 34. Rxb4 Rg6 35. d5 c5 36. Rb2 Kf8 37. a5 Ke7 38. Bc2 f5 39. gxf5 Rxg2+ 40. Kxg2 Bxf5 41. Bxe4 Bc8 42. Rb6 g5 43. Rg6 g4 44. d6+ Kf7 45. Rh6 Be6 46. Bd5 Bxd5+ 47. cxd5 Rf3 48. Rh7+ Ke8 49. Rxb7 Rf6 50. Rb6 h3+ 51. Kg3 Rf3+ 52. Kh2 Rxf2+ 53. Kh1 g3 54. Kg1 Rg2+ 55. Kh1 Rd2 56. Rb1 Kd7 57. Rg1 Kxd6 58. Rxg3 Kxd5 59. Rxh3 c4 60. Rh6 Ke4 61. Rxa6 c3 62. Rc6 c2 63. Kg1 Rd1+ 64. Kf2 c1=Q 65. Rxc1 Rxc1 0-1


[Site "https://www.chess.com"]

[Event "Titled Tuesday Blitz February 07 Late 2023"]
[White "Clawitter, Craig"]
[Black "Figorito, Nick"]
[WhiteFideId "2023105"]
[BlackFideId "30923689"]
[WhiteElo "2050"]
[BlackElo "2036"]
[Result "1/2-1/2"]
[Round "09"]
[TimeControl "180+2"]
[Date "2023.02.07"]
[WhiteClock "0:00:02"]
[BlackClock "0:00:58"]

1. e4 e6 2. d4 d5 3. e5 c5 4. c3 Bd7 5. Nf3 Qb6 6. Bd3 Bb5 7. dxc5 Bxc5 8. b4 Bf8 9. O-O Bxd3 10. Qxd3 Qa6 11. b5 Qa5 12. a4 Nd7 13. Ba3 Bxa3 14. Nxa3 Ne7 15. Rfd1 Nc5 16. Qe3 Nxa4 17. Nc2 Qxb5 18. Rdb1 Qd7 19. Qd4 Nb6 20. Rxb6 O-O 21. Rb3 Nc6 22. Qf4 h6 23. Ncd4 Nxd4 24. cxd4 Rfc8 25. h4 a5 26. Nh2 a4 27. Rg3 Kh7 28. Ng4 Qe7 29. Nf6+ Kh8 30. Nh5 Rg8 31. Nf6 Rgc8 32. Nh5 Rg8 33. Nf6 Rgc8 1/2-1/2


[Site "https://www.chess.com"]

[Event "Titled Tuesday Blitz February 07 Late 2023"]
[White "Tobares, Leandro"]
[Black "Battlecruiser_Operational"]
[WhiteFideId "106402"]
[WhiteElo "2189"]
[BlackElo "2371"]
[Result "1-0"]
[Round "09"]
[TimeControl "180+2"]
[Date "2023.02.07"]
[WhiteClock "0:00:54"]
[BlackClock "0:00:01"]

1. c4 c6 2. Nc3 d5 3. d4 Nf6 4. e3 a6 5. Nf3 Bf5 6. Bd3 Bg6 7. O-O e6 8. b3 Nbd7 9. Bb2 Bd6 10. Qc2 O-O 11. Bxg6 hxg6 12. e4 dxe4 13. Nxe4 Nxe4 14. Qxe4 Rc8 15. Rad1 Re8 16. Ne5 Rc7 17. Rd3 Nf6 18. Qf3 Qe7 19. Rfd1 Ba3 20. Bxa3 Qxa3 21. Qe2 Rd8 22. c5 Nd5 23. Nc4 Qb4 24. Qe5 Rcd7 25. Rh3 Nf6 26. Nd6 b6 27. Qg5 Rxd6 28. cxd6 Rxd6 29. Qh4 Kf8 30. Qh8+ Ke7 31. Qxg7 Rxd4 32. Rf1 Rf4 33. Rh8 Nd7 34. Qg8 Qd2 35. Qd8+ Kd6 36. Re8 Rd4 37. Re7 Kc5 38. Rxf7 Kb4 39. Rxd7 Rxd7 40. Qxb6+ Ka3 41. Qxc6 Kxa2 42. Qxe6 a5 43. b4+ Ka3 44. bxa5 Rd6 45. Qe7 Ka4 46. Ra1+ Kb5 47. Qb7+ Kc4 48. g3 Qd4 49. Qc7+ 1-0


[Site "https://www.chess.com"]

[Event "Titled Tuesday Blitz February 07 Late 2023"]
[White "Gatterer, Florian"]
[Black "Smith, Garrett L"]
[WhiteFideId "811688"]
[BlackFideId "2024829"]
[WhiteElo "2170"]
[BlackElo "2047"]
[Result "0-1"]
[Round "09"]
[TimeControl "180+2"]
[Date "2023.02.07"]
[WhiteClock "0:00:03"]
[BlackClock "0:00:58"]

1. e4 c5 2. d4 cxd4 3. c3 dxc3 4. Nxc3 Nc6 5. Bc4 d6 6. Nf3 a6 7. O-O Nf6 8. Bf4 Bg4 9. h3 Bxf3 10. Qxf3 e6 11. Rfd1 Qb8 12. Rac1 Be7 13. Bb3 O-O 14. a3 Ne5 15. Qe2 b5 16. Be3 b4 17. axb4 Qxb4 18. Qc2 Rab8 19. Ba2 Qxb2 20. f4 Qxc2 21. Rxc2 Ng6 22. f5 exf5 23. exf5 Ne5 24. Bg5 Rfc8 25. Rdd2 h6 26. Bxf6 Bxf6 27. Nd5 Bg5 28. Re2 Rxc2 29. Rxc2 Rb7 30. g3 Nd3 31. h4 Bf6 32. Nxf6+ gxf6 33. Bd5 Rb1+ 34. Kh2 Nb4 35. Rc8+ Kg7 36. Bg2 a5 37. Ra8 Ra1 38. Kh3 a4 39. Rb8 Nc2 40. Bd5 Rd1 41. Bc4 Ne3 42. Ba2 Rh1# 0-1


[Site "https://www.chess.com"]

[Event "Titled Tuesday Blitz February 07 Late 2023"]
[White "lisjakzlatko1"]
[Black "Prieto Aranguren, Alain"]
[BlackFideId "2268906"]
[WhiteElo "2213"]
[BlackElo "2258"]
[Result "0-1"]
[Round "09"]
[TimeControl "180+2"]
[Date "2023.02.07"]
[WhiteClock "0:00:01"]
[BlackClock "0:00:51"]

1. d4 g6 2. Nc3 c5 3. d5 Bg7 4. e4 d6 5. Bg5 Qb6 6. Qc1 Na6 7. Bb5+ Bd7 8. Bxd7+ Kxd7 9. Nge2 Nf6 10. O-O h6 11. Bd2 Nc7 12. a4 Qa6 13. f4 Nxe4 14. Nxe4 Qxe2 15. Re1 Qh5 16. c4 Bd4+ 17. Be3 Bxe3+ 18. Qxe3 Rae8 19. b4 cxb4 20. Qxa7 g5 21. Qxb7 gxf4 22. Qc6+ Kd8 23. a5 Rhg8 24. Kh1 f3 25. g3 Qh3 26. Ra2 f5 27. Nxd6 exd6 28. Qxd6+ Kc8 29. Qxb4 Rxe1+ 30. Qxe1 Re8 31. Qg1 Re2 32. Rxe2 fxe2 33. d6 Qf1 34. c5 Qf3+ 0-1


[Site "https://www.chess.com"]

[Event "Titled Tuesday Blitz February 07 Late 2023"]
[White "Jorajuria Mendoza, Algol"]
[Black "ritanovikova"]
[WhiteFideId "5128897"]
[WhiteElo "2069"]
[BlackElo "2226"]
[Result "0-1"]
[Round "09"]
[TimeControl "180+2"]
[Date "2023.02.07"]
[WhiteClock "0:00:02"]
[BlackClock "0:00:28"]

1. e4 d5 2. exd5 Qxd5 3. d4 e5 4. dxe5 Qxd1+ 5. Kxd1 Nc6 6. Bf4 Bg4+ 7. Be2 O-O-O+ 8. Nd2 Bf5 9. Nf3 h6 10. Bb5 Nb4 11. Ba4 g5 12. Bg3 Bg7 13. a3 Nd5 14. c4 Nb6 15. Bc2 Be6 16. c5 Nc4 17. b3 Na5 18. Ke2 g4 19. Ne1 Nc6 20. Be4 Nxe5 21. Rb1 f5 22. Nd3 Nxd3 23. Bxd3 Ne7 24. Bc4 Bd5 25. Bh4 Rhe8 26. Rhe1 Ng6+ 27. Kf1 Rxe1+ 28. Rxe1 Nxh4 29. Re7 Bf6 30. Rh7 Bxg2+ 31. Ke1 Nf3+ 32. Nxf3 Bxf3 33. Be6+ Kb8 34. Bd7 Bc3+ 35. Kf1 c6 36. h3 h5 37. hxg4 hxg4 38. Kg1 Bb2 39. Kh2 Bxa3 40. Kg3 Bxc5 41. Bxf5 Bd6+ 42. Kh4 Rg8 43. Be6 Re8 44. Bf5 Re1 45. Kg5 Re5 46. Kg6 a5 47. Rh8+ Ka7 48. Rd8 Bc7 49. Rd4 Rb5 50. Be6 Rb6 51. Bc4 c5+ 0-1


[Site "https://www.chess.com"]

[Event "Titled Tuesday Blitz February 07 Late 2023"]
[White "Torres Dominguez, David"]
[Black "Li, Hui"]
[WhiteFideId "2220857"]
[BlackFideId "15400310"]
[WhiteElo "1994"]
[BlackElo "1963"]
[Result "1-0"]
[Round "09"]
[TimeControl "180+2"]
[Date "2023.02.07"]
[WhiteClock "0:00:37"]
[BlackClock "0:00:04"]

1. e4 e5 2. Bc4 Nf6 3. Nc3 Nc6 4. d3 Na5 5. Bb3 Bb4 6. f4 d5 7. fxe5 Nxe4 8. dxe4 Qh4+ 9. Kf1 dxe4 10. Nd5 Bc5 11. g3 Qd8 12. Be3 Bxe3 13. Nxe3 O-O 14. Qxd8 Rxd8 15. Ne2 Bh3+ 16. Kf2 Nxb3 17. axb3 Re8 18. Nf4 Be6 19. Rhd1 a6 20. b4 Rad8 21. h4 Bc8 22. Rxd8 Rxd8 23. Rd1 Re8 24. g4 h6 25. g5 hxg5 26. hxg5 Be6 27. b3 Kf8 28. Rd4 c6 29. Rxe4 Rd8 30. Ne2 Rd2 31. Rd4 Rxd4 32. Nxd4 Bd7 33. Kg3 Ke7 34. Kf4 b6 35. Nef5+ Kf8 36. Nd6 c5 37. bxc5 bxc5 38. N4f5 a5 39. Nb7 a4 40. bxa4 Bxa4 41. c3 c4 42. Nfd6 Bb3 43. Na5 Bc2 44. Naxc4 Ke7 45. Ne3 Bd3 46. Ndf5+ Kf8 47. Nd6 Ke7 48. Nef5+ Kf8 49. c4 g6 50. Nd4 Ke7 51. Ke3 Bf1 52. Ne4 Kd7 53. Nd6 Ke7 54. Ne4 Bg2 55. c5 Kd7 56. c6+ Kc7 57. Nd6 Bxc6 58. Nxc6 Kxc6 59. Nxf7 Kd5 60. Kf4 Ke6 61. Nh8 Ke7 62. Nxg6+ Kf7 63. Nh4 Ke6 64. Nf5 1-0


[Site "https://www.chess.com"]

[Event "Titled Tuesday Blitz February 07 Late 2023"]
[White "Manu_ChessExcelsior"]
[Black "Rizzo, Tobias"]
[BlackFideId "30942691"]
[WhiteElo "1881"]
[BlackElo "1867"]
[Result "0-1"]
[Round "09"]
[TimeControl "180+2"]
[Date "2023.02.07"]
[WhiteClock "0:00:09"]
[BlackClock "0:00:19"]

1. e4 c5 2. g3 d5 3. exd5 Qxd5 4. Nf3 Nc6 5. Nc3 Qd7 6. Bg2 b6 7. O-O Bb7 8. Re1 O-O-O 9. d3 f6 10. Ne2 e5 11. Bd2 g5 12. Bc3 Nge7 13. Nd2 Ng6 14. a4 h5 15. Nc4 h4 16. Qc1 Nd4 17. Nxd4 cxd4 18. Bd2 Bxg2 19. Kxg2 h3+ 20. Kg1 Qc6 21. Re4 f5 22. Bxg5 fxe4 23. Bxd8 exd3 24. Qf1 Kxd8 25. cxd3 Bc5 26. Re1 Qd5 27. Re4 Qe6 28. f4 Rf8 29. Qe2 Qc6 30. Nxe5 Nxe5 31. Rxe5 Bd6 32. Re4 Qxa4 33. Qf1 Qc2 34. Rxd4 Kc7 35. Rc4+ Bc5+ 36. d4 Qd2 37. dxc5 b5 38. Rc3 Re8 39. f5 Re1 40. Rf3 Qg2# 0-1


[Site "https://www.chess.com"]

[Event "Titled Tuesday Blitz February 07 Late 2023"]
[White "Pinheiro, Iung Alicio de O."]
[Black "Sabar, Ethmane Daouda"]
[WhiteFideId "2104350"]
[BlackFideId "19600097"]
[WhiteElo "2306"]
[BlackElo "2040"]
[Result "1-0"]
[Round "09"]
[TimeControl "180+2"]
[Date "2023.02.07"]
[WhiteClock "0:00:09"]
[BlackClock "0:00:01"]

1. c4 e5 2. g3 Nf6 3. Bg2 d5 4. cxd5 Nxd5 5. Nf3 Nc6 6. O-O Be6 7. d4 exd4 8. Nxd4 Nxd4 9. Qxd4 c6 10. Nd2 Qf6 11. Qa4 Nb6 12. Qc2 Qg6 13. e4 O-O-O 14. a4 Kb8 15. a5 Nd5 16. Nf3 Nb4 17. Qe2 f5 18. Bf4+ Ka8 19. Nh4 Qf7 20. Rfd1 Bc5 21. Nxf5 Bxf5 22. exf5 Rhe8 23. Qf3 a6 24. Bg5 Rxd1+ 25. Rxd1 Nd5 26. Qg4 g6 27. f6 h6 28. Bxh6 Qxf6 29. Qf3 Qxf3 30. Bxf3 Nb4 31. Kg2 Nc2 32. Bg4 Nd4 33. Be3 Nb3 34. Bxc5 Nxc5 35. h4 Nb3 36. Bf3 Nxa5 37. Rd6 Nc4 38. Rxg6 Nxb2 39. h5 Nd3 40. Bg4 Ne5 41. Rg7 1-0


[Site "https://www.chess.com"]

[Event "Titled Tuesday Blitz February 07 Late 2023"]
[White "Mione, Dario"]
[Black "Sonnenschein, Philipp"]
[WhiteFideId "806625"]
[BlackFideId "16250877"]
[WhiteElo "2228"]
[BlackElo "2224"]
[Result "0-1"]
[Round "09"]
[TimeControl "180+2"]
[Date "2023.02.07"]
[WhiteClock "0:00:01"]
[BlackClock "0:00:02"]

1. Nf3 g6 2. g3 Bg7 3. Bg2 Nf6 4. d4 d5 5. O-O O-O 6. c4 dxc4 7. Ne5 Nc6 8. Nxc6 bxc6 9. Bxc6 Bh3 10. Bg2 Bxg2 11. Kxg2 Qd5+ 12. f3 Rfd8 13. Be3 Rab8 14. Qc1 e5 15. Nc3 Qe6 16. dxe5 Qxe5 17. Bf4 Qa5 18. e4 Qb6 19. Rf2 Rd3 20. Be5 Rbd8 21. Bxf6 Bxf6 22. Nd5 Qc6 23. Nxf6+ Qxf6 24. Qxc4 Rxf3 25. Raf1 Rxf2+ 26. Rxf2 Qe7 27. b3 Re8 28. Rf4 c5 29. h4 h5 30. Kf3 Kg7 31. Qc3+ f6 32. Qc4 Qe5 33. Kg2 Rd8 34. Rf2 Rd4 35. Qc2 Rxe4 36. Kh2 Re3 37. Rg2 Qd5 38. Qf2 Qe5 39. Qc2 f5 40. Qc4 Kf6 41. Qa6+ Qe6 42. Qxa7 f4 43. Qc7 fxg3+ 44. Rxg3 Re2+ 0-1


[Site "https://www.chess.com"]

[Event "Titled Tuesday Blitz February 07 Late 2023"]
[White "Papayan, Oleg"]
[Black "Alexikov, Alexander"]
[WhiteFideId "4193911"]
[BlackFideId "14103958"]
[WhiteElo "2253"]
[BlackElo "2209"]
[Result "1-0"]
[Round "09"]
[TimeControl "180+2"]
[Date "2023.02.07"]
[WhiteClock "0:00:04"]
[BlackClock "0:00:01"]

1. d4 Nf6 2. Nf3 g6 3. Nc3 d5 4. Bf4 Bg7 5. Nb5 Na6 6. e3 c6 7. Nc3 Nc7 8. h3 O-O 9. Bd3 b5 10. O-O a5 11. a4 b4 12. Nb1 Ba6 13. Nbd2 Ne6 14. Bh2 c5 15. dxc5 Nxc5 16. Bxa6 Rxa6 17. Be5 Qd7 18. Nb3 Nxa4 19. Qd3 Raa8 20. Rfd1 Rfd8 21. Bd4 Ne4 22. Bxg7 Kxg7 23. Qd4+ f6 24. Ra2 Qc6 25. Qd3 Nac5 26. Nxc5 Nxc5 27. Qe2 a4 28. Nd4 Qb6 29. Rda1 e5 30. Nf3 Rac8 31. Ne1 e4 32. Rd1 Rd7 33. Rd4 Rb8 34. Qg4 f5 35. Qd1 Qc6 36. g3 g5 37. Ng2 h6 38. h4 Kg6 39. h5+ Kf6 40. g4 Qe6 41. gxf5 Qxf5 42. b3 a3 43. c3 Nd3 44. cxb4 Rxb4 45. Rxb4 Nxb4 46. Qd4+ Qe5 47. Qxb4 Rc7 48. Qd4 Qxd4 49. exd4 Ra7 50. Ne3 1-0


[Site "https://www.chess.com"]

[Event "Titled Tuesday Blitz February 07 Late 2023"]
[White "Barash, Anton"]
[Black "Kovacs, Klara"]
[WhiteFideId "30935229"]
[BlackFideId "733210"]
[WhiteElo "2074"]
[BlackElo "2121"]
[Result "1-0"]
[Round "09"]
[TimeControl "180+2"]
[Date "2023.02.07"]
[WhiteClock "0:01:53"]
[BlackClock "0:02:29"]

1. e4 e6 2. d4 d5 3. Nc3 Nf6 4. Bg5 dxe4 5. Nxe4 Be7 6. Bxf6 Bxf6 7. Nxf6+ Qxf6 8. Nf3 O-O 9. Bd3 Nd7 10. O-O c5 11. Be4 cxd4 12. Qxd4 e5 13. Qd5 Re8 14. Rfe1 Nb6 15. Qb3 Bg4 16. a4 Rab8 17. a5 Nd7 18. Qb5 Rec8 19. h3 Bh5 20. Qxd7 1-0


[Site "https://www.chess.com"]

[Event "Titled Tuesday Blitz February 07 Late 2023"]
[White "Antonova, Nadezhda"]
[Black "Lucassen, Mickey"]
[WhiteFideId "14700182"]
[BlackFideId "12919110"]
[WhiteElo "1945"]
[BlackElo "2023"]
[Result "0-1"]
[Round "09"]
[TimeControl "180+2"]
[Date "2023.02.07"]
[WhiteClock "0:01:24"]
[BlackClock "0:01:45"]

1. Nf3 b6 2. b3 Bb7 3. Bb2 e6 4. g3 Nf6 5. Bg2 Be7 6. O-O O-O 7. c4 d6 8. d4 Nbd7 9. Nc3 Ne4 10. Rc1 f5 11. d5 Nxc3 12. Bxc3 e5 13. e4 fxe4 14. Nd2 e3 15. fxe3 Bg5 16. Qe2 Nc5 17. b4 Na4 18. Ne4 Nxc3 19. Nxc3 a5 20. a3 axb4 21. axb4 Ra3 22. Ne4 Bxe3+ 23. Kh1 Bxc1 24. Rxc1 h6 25. Qb2 Qa8 26. Bh3 b5 27. Be6+ Kh8 28. Qe2 bxc4 29. Ng5 Bxd5+ 30. Bxd5 Qxd5+ 0-1


[Site "https://www.chess.com"]

[Event "Titled Tuesday Blitz February 07 Late 2023"]
[White "Curtis, John"]
[Black "Slavin, Alexey"]
[WhiteFideId "3200256"]
[BlackFideId "24104388"]
[WhiteElo "2292"]
[BlackElo "2364"]
[Result "1-0"]
[Round "09"]
[TimeControl "180+2"]
[Date "2023.02.07"]
[WhiteClock "0:00:06"]
[BlackClock "0:00:01"]

1. e4 Nc6 2. d4 d6 3. Nf3 Nf6 4. Be2 Bg4 5. d5 Bxf3 6. gxf3 Ne5 7. f4 Ned7 8. f3 g6 9. c4 Bg7 10. Be3 O-O 11. Qd2 c6 12. Nc3 cxd5 13. cxd5 Nh5 14. O-O-O Rc8 15. Kb1 Qa5 16. Nb5 Qxd2 17. Rxd2 a6 18. Nd4 Nc5 19. Bd1 Rc7 20. f5 Re8 21. fxg6 hxg6 22. b4 Nd7 23. Bb3 Rc3 24. Nc2 Rec8 25. f4 Ndf6 26. e5 Ng4 27. Bd4 Rf3 28. exd6 exd6 29. Bxg7 Kxg7 30. Nd4 Rxf4 31. b5 Rc5 32. bxa6 bxa6 33. Rc1 Rxc1+ 34. Kxc1 Ne3 35. Rd3 Nf1 36. Bc4 Nf6 37. Kc2 Nxh2 38. Kc3 Nhg4 39. Ne2 Rf2 40. Rd4 Ne5 41. Bxa6 g5 42. a4 g4 43. a5 g3 44. Nxg3 Rf3+ 45. Rd3 Nxd3 46. Bxd3 Rxg3 47. a6 Nxd5+ 48. Kd4 Nc7 49. a7 1-0


[Site "https://www.chess.com"]

[Event "Titled Tuesday Blitz February 07 Late 2023"]
[White "Jesusesmifuerza"]
[Black "Tyagi, Kushan"]
[BlackFideId "2040069"]
[WhiteElo "2043"]
[BlackElo "2060"]
[Result "0-1"]
[Round "09"]
[TimeControl "180+2"]
[Date "2023.02.07"]
[WhiteClock "0:00:06"]
[BlackClock "0:00:13"]

1. d4 c5 2. d5 e5 3. e4 a6 4. a4 d6 5. Nc3 Be7 6. Nf3 Bg4 7. h3 Bxf3 8. Qxf3 Bg5 9. Bxg5 Qxg5 10. Qg4 h6 11. Be2 Nd7 12. h4 Qxg4 13. Bxg4 Ne7 14. Bxd7+ Kxd7 15. O-O f5 16. Rad1 f4 17. g3 g5 18. Kg2 gxh4 19. gxh4 Rhg8+ 20. Kh3 Rg6 21. Rg1 Rag8 22. Rxg6 Rxg6 23. Kh2 Rg4 24. Kh3 h5 25. Ne2 Ng6 26. f3 Rxh4+ 27. Kg2 Nh8 28. Rb1 Kc7 29. b4 b6 30. bxc5 bxc5 31. a5 Nf7 32. Rb6 Ng5 33. Rxa6 Rh3 34. Ra7+ Kb8 35. Rg7 Rxf3 36. Rxg5 Re3 37. Kf2 Rxe4 38. Rxh5 Ra4 39. Rh6 Kc7 40. Rh7+ Kb8 41. Rd7 Rxa5 42. Rxd6 Ra2 43. Re6 Rxc2 44. Rxe5 Rd2 45. Kf3 c4 46. Nxf4 c3 47. Ne2 c2 0-1


[Site "https://www.chess.com"]

[Event "Titled Tuesday Blitz February 07 Late 2023"]
[White "Gonzalez, Francisco Silva"]
[Black "Liu, Leonardo"]
[WhiteFideId "1512285"]
[BlackFideId "30965780"]
[WhiteElo "2021"]
[BlackElo "1919"]
[Result "1-0"]
[Round "09"]
[TimeControl "180+2"]
[Date "2023.02.07"]
[WhiteClock "0:00:58"]
[BlackClock "0:00:18"]

1. d4 Nf6 2. c4 g6 3. Nc3 Bg7 4. e4 d6 5. f3 O-O 6. Be3 c6 7. Bd3 a6 8. a4 a5 9. Nge2 Na6 10. Ng3 Nb4 11. Bb1 d5 12. e5 Nd7 13. cxd5 cxd5 14. f4 Nb6 15. b3 Be6 16. Bd3 Rc8 17. Nb5 Bd7 18. O-O Bxb5 19. axb5 Rc3 20. Bxg6 hxg6 21. Rf3 Nc2 22. Bd2 Rxf3 23. Qxc2 Rxg3 24. hxg3 Qd7 25. Qc5 Nc8 26. Bxa5 Qg4 27. Be1 b6 28. Qxd5 Qe2 29. Bf2 Bh6 30. Ra8 g5 31. f5 g4 32. Qc4 Qxc4 33. bxc4 e6 34. f6 Rd8 35. d5 exd5 36. cxd5 Bc1 37. e6 fxe6 38. dxe6 Kf8 39. Bxb6 Re8 40. Bc5+ Kg8 41. f7+ Kg7 1-0


[Site "https://www.chess.com"]

[Event "Titled Tuesday Blitz February 07 Late 2023"]
[White "Sailer, Mike"]
[Black "Rose, Felix"]
[WhiteFideId "2012901"]
[BlackFideId "5105722"]
[WhiteElo "2109"]
[BlackElo "2091"]
[Result "1-0"]
[Round "09"]
[TimeControl "180+2"]
[Date "2023.02.07"]
[WhiteClock "0:00:07"]
[BlackClock "0:00:02"]

1. d4 d5 2. Bf4 Nf6 3. Nf3 e6 4. e3 Bd6 5. Bg3 O-O 6. Bd3 c5 7. c3 b6 8. Nbd2 Ba6 9. Bxa6 Nxa6 10. a3 b5 11. b4 cxd4 12. cxd4 Rc8 13. Nb3 Bxg3 14. hxg3 Ne4 15. Nc5 Naxc5 16. bxc5 a5 17. Ne5 Qf6 18. O-O Rfd8 19. Qd3 Nxc5 20. Qxb5 Ne4 21. Qxa5 Ra8 22. Qc7 Rdc8 23. Qd7 Rc2 24. Nd3 h5 25. a4 h4 26. gxh4 Qxh4 27. a5 Rd2 28. Ra3 Kh7 29. Qxf7 Ng5 30. Qf4 Qh5 31. a6 Ne4 32. a7 Nf6 33. Qh2 Qxh2+ 34. Kxh2 Ne4 35. Kg1 Nd6 36. Rb1 Nc4 37. Rb8 Rxa7 38. Rxa7 Rxd3 39. Rbb7 Rd1+ 40. Kh2 Nd2 41. Rxg7+ Kh6 42. Rh7+ Kg6 43. Rag7+ Kf6 44. Rf7+ Kg6 45. Rhg7+ Kh6 46. g4 Nf1+ 47. Kg2 Nd2 48. f4 Ne4 49. Rh7+ Kg6 50. Rfg7+ Kf6 51. g5+ Nxg5 52. fxg5+ Kf5 53. g6 Ke4 54. Rh4+ Kxe3 55. Re7 Rd2+ 56. Kg3 e5 57. Rxe5+ Kd3 58. g7 Rd1 59. Rh3 Rg1+ 60. Kf2+ 1-0


[Site "https://www.chess.com"]

[Event "Titled Tuesday Blitz February 07 Late 2023"]
[White "Souza, Gustavo Horokoski De"]
[Black "De Arruda, Leandro Formes"]
[WhiteFideId "2146584"]
[BlackFideId "22722009"]
[WhiteElo "1943"]
[BlackElo "1980"]
[Result "1-0"]
[Round "09"]
[TimeControl "180+2"]
[Date "2023.02.07"]
[WhiteClock "0:00:05"]
[BlackClock "0:00:03"]

1. d4 d5 2. c4 e6 3. Nc3 Nf6 4. cxd5 exd5 5. Bg5 Be7 6. e3 O-O 7. Bd3 c6 8. Nge2 Ne4 9. Bxe7 Qxe7 10. Qc2 f5 11. O-O Qg5 12. Rae1 Nd7 13. Ng3 Ndf6 14. b4 h5 15. b5 h4 16. Nge2 h3 17. g3 Ng4 18. Nf4 Qh6 19. bxc6 bxc6 20. Na4 Ng5 21. Be2 Nf7 22. Rc1 Nd8 23. Bf3 Be6 24. Nxe6 Qxe6 25. Nc5 Qe7 26. Nd3 Rb8 27. Nf4 Rf6 28. Nxh3 Qa3 29. Rb1 Rb6 30. Nf4 Nh6 31. Rb3 Qa6 32. Rfb1 Qb7 33. Rxb6 axb6 34. Qb3 b5 35. Nxd5 Kh7 36. Nxf6+ gxf6 37. a4 Ng4 38. axb5 Qe7 39. Bxg4 fxg4 40. b6 Nb7 41. Qc4 Qe4 42. Rc1 Nd6 43. Qxc6 Qd3 44. Qxd6 Qd2 45. Qc7+ Kg6 46. b7 Qe2 47. b8=Q Qd2 48. Qg8+ Kf5 49. Qd7+ Ke4 50. Qg6+ Kf3 51. Qgf5+ Ke2 52. Qdb5+ 1-0


[Site "https://www.chess.com"]

[Event "Titled Tuesday Blitz February 07 Late 2023"]
[White "Stolz, Mike"]
[Black "Tarnowska, Aleksandra"]
[WhiteFideId "4617134"]
[BlackFideId "1180967"]
[WhiteElo "2330"]
[BlackElo "1835"]
[Result "1-0"]
[Round "09"]
[TimeControl "180+2"]
[Date "2023.02.07"]
[WhiteClock "0:00:29"]
[BlackClock "0:00:02"]

1. c4 e5 2. g3 Nf6 3. Bg2 c6 4. d4 Bb4+ 5. Bd2 Bxd2+ 6. Qxd2 exd4 7. Qxd4 d6 8. Nc3 O-O 9. Rd1 Be6 10. Nf3 h6 11. O-O Na6 12. b3 d5 13. cxd5 Nxd5 14. e4 Nxc3 15. Qxc3 Qb6 16. Nd4 Rfe8 17. Nxe6 Rxe6 18. Rd7 Rae8 19. Re1 Nc5 20. Rd4 Rf6 21. Rc4 Nd3 22. Rf1 Nxf2 23. Qd4 Qxd4 24. Rxd4 Ng4 25. Rd7 1-0


[Site "https://www.chess.com"]

[Event "Titled Tuesday Blitz February 07 Late 2023"]
[White "Necula, Iulian"]
[Black "Vaglio Munoz, Jaime"]
[WhiteFideId "1232380"]
[BlackFideId "6500145"]
[WhiteElo "1851"]
[BlackElo "2174"]
[Result "0-1"]
[Round "09"]
[TimeControl "180+2"]
[Date "2023.02.07"]
[WhiteClock "0:00:01"]
[BlackClock "0:00:17"]

1. d4 c6 2. Nc3 b5 3. a3 a5 4. e4 Bb7 5. Bd3 b4 6. axb4 axb4 7. Rxa8 Bxa8 8. Nce2 Qb6 9. Nf3 d5 10. e5 e6 11. O-O c5 12. c3 b3 13. dxc5 Bxc5 14. Ned4 Bxd4 15. Nxd4 Nc6 16. Bb5 Ne7 17. Qxb3 O-O 18. Bxc6 Qxb3 19. Nxb3 Nxc6 20. f4 Rb8 21. Nd4 Na5 22. b4 Nc4 23. Rf2 Kf8 24. Ra2 Bb7 25. b5 Ke7 26. Ba3+ Kd7 27. Bb4 f6 28. exf6 gxf6 29. g3 e5 30. Nb3 Ke6 31. Nc5+ Kf5 32. fxe5 fxe5 33. Ra7 Bc8 34. Rc7 d4 35. Kf2 Nd6 36. Rxh7 Nxb5 37. cxd4 Nxd4 38. Bc3 Nb5 39. Rh5+ Kg6 40. Bxe5 Ra8 41. Rh8 Ra2+ 42. Kf3 Bf5 43. h4 Bc2 44. h5+ Kf5 45. Bf4 Bd1+ 46. Ke3 Rc2 47. Nd3 Re2+ 48. Kf3 Re8+ 49. Kf2 Rxh8 50. h6 Re8 51. Ne5 Nd6 52. Ke3 Bh5 53. Kd4 Rd8 54. Kc5 Ne4+ 55. Kc6 Nf6 56. Kc7 Ra8 57. Kd6 Be8 58. Ke7 Ra7+ 59. Kd6 Bf7 60. Nf3 Ne4+ 61. Kc6 Ra6+ 62. Kb5 Ra1 63. Nh4+ Kg4 64. Kc6 Rd1 65. h7 Rc1+ 66. Kd7 Be6+ 67. Ke7 Rc8 68. Kxe6 Nc5+ 69. Ke5 Nd7+ 0-1


[Site "https://www.chess.com"]

[Event "Titled Tuesday Blitz February 07 Late 2023"]
[White "Balog, Imre"]
[Black "Floresvillar Gonzalez, Luis Migu"]
[WhiteFideId "728446"]
[BlackFideId "5100542"]
[WhiteElo "2615"]
[BlackElo "2043"]
[Result "1-0"]
[Round "09"]
[TimeControl "180+2"]
[Date "2023.02.07"]
[WhiteClock "0:00:09"]
[BlackClock "0:00:01"]

1. e4 e6 2. Qe2 Be7 3. g3 c5 4. Bg2 Nc6 5. Nf3 Nf6 6. d3 d5 7. exd5 exd5 8. O-O O-O 9. Nc3 Re8 10. Bf4 Bg4 11. Qd2 Nd4 12. Nxd4 cxd4 13. Nb5 a5 14. a3 Rc8 15. Nxd4 Qd7 16. Qxa5 h6 17. c3 Bd8 18. Qb5 Qe7 19. h3 Bh5 20. Qb4 Qd7 21. Qb5 Qe7 22. Nf5 Qc5 23. Qxc5 Rxc5 24. Nd6 Rf8 25. Nxb7 Rb5 26. Nxd8 Rxd8 27. b4 Be2 28. a4 Rb7 29. Rfe1 Bxd3 30. a5 Be4 31. a6 Rb5 32. Bf1 Rb6 33. Bc7 Rbb8 34. a7 Ra8 35. Bxd8 Rxd8 36. a8=Q Rxa8 37. Rxa8+ Kh7 38. Rd8 Nh5 39. Rd1 Nf6 40. Bd3 g5 41. Bxe4+ dxe4 42. R8d6 Kg7 43. Rxf6 Kxf6 44. Rd6+ Ke5 45. Rxh6 f5 46. Rh7 e3 47. fxe3 Ke4 48. Re7+ Kf3 49. g4 f4 50. Rf7 Kg3 51. Kf1 f3 52. b5 Kxh3 53. Rxf3+ Kh4 54. Rf8 Kg3 55. b6 Kxg4 56. b7 Kg3 57. b8=Q+ Kg4 58. Rg8 Kh3 59. Rxg5 1-0


[Site "https://www.chess.com"]

[Event "Titled Tuesday Blitz February 07 Late 2023"]
[White "Castillo Pena, Patricia Evarista"]
[Black "Ardila, Oscar Humberto"]
[WhiteFideId "6412106"]
[BlackFideId "4404742"]
[WhiteElo "1783"]
[BlackElo "1982"]
[Result "0-1"]
[Round "09"]
[TimeControl "180+2"]
[Date "2023.02.07"]
[WhiteClock "0:00:03"]
[BlackClock "0:00:38"]

1. d4 Nf6 2. Nf3 b6 3. b3 Bb7 4. Bb2 e6 5. e3 Be7 6. Bd3 O-O 7. Nbd2 d5 8. O-O Ne4 9. Qe2 f5 10. c4 Nd7 11. Rfd1 Bd6 12. Rac1 Qf6 13. c5 bxc5 14. Nxe4 fxe4 15. dxc5 exf3 16. Bxf6 fxe2 17. Bxe2 Nxc5 18. Bd4 Ne4 19. Bf3 Nf6 20. Rc2 e5 21. Bb2 c6 22. h3 Rac8 23. Rcd2 Rfd8 24. g3 Kf7 25. Bg2 Ke6 26. h4 Ke7 27. Bh3 Rb8 28. Bf5 Bc8 29. Bc2 Bg4 30. Rc1 Rbc8 31. Bb1 Bf3 32. Kh2 Ng4+ 33. Kg1 Bb4 34. Rdc2 d4 35. exd4 exd4 36. Rxc6 Rxc6 37. Rxc6 Bxc6 38. Bxh7 Bf3 0-1


[Site "https://www.chess.com"]